 Dungeon Crawl Stone Soup version 0.24.1-4-ge52af88ad5 (webtiles) character file.

Game seed: 630526234951029245, levelgen mode: deterministic

40 lepoulpe303 the Ruffian (level 3, 0/42 HPs)
             Began as a Draconian Transmuter on Apr 18, 2020.
             Slain by a kobold
             ... wielding a +0 whip
              (1 damage)
             ... on level 2 of the Dungeon.
             The game lasted 00:04:15 (1148 turns).

lepoulpe303 the Ruffian (Draconian Transmuter)      Turns: 1148, Time: 00:04:16

Health: 0/42       AC: 21    Str: 12    XL:     3   Next: 30%
Magic:  4/6        EV:  2    Int: 14    God:
Gold:   21         SH:  0    Dex: 11    Spells: 4/7 levels left

rFire    . . .     SeeInvis .     - Unarmed
rCold    . . .     Gourm    .   (no shield)
rNeg     + + +     Faith    .   (armour unavailable)
rPois    +         Spirit   .   (helmet currently unavailable)
rElec    .         Reflect  .   (cloak currently unavailable)
rCorr    .         Harm     .   (gloves currently unavailable)
MR       .....     NoTele   +   (boots currently unavailable)
Stlth    +.........             (no amulet)
HPRegen  0.14/turn              (no ring)
MPRegen  0.10/turn              (no ring)

@: lethally poisoned (0 -> -3), tree-form
A: unfitting armour, AC +5
a: no special abilities


You were on level 2 of the Dungeon.
You were not hungry.
You were a tree.
You visited 1 branch of the dungeon, and saw 2 of its levels.

You collected 21 gold pieces.

Inventory:

Missiles
 d - 10 poisoned darts (quivered)
 Q - 47 arrows
Scrolls
 a - 4 scrolls of teleportation {unknown}
 b - a scroll of identify {unknown}
 g - a scroll of noise {unknown}
Comestibles
 e - 2 rations
 f - 5 chunks of flesh


   Skills:
 + Level 1.5 Fighting
 + Level 2.0 Dodging
 + Level 3.2 Unarmed Combat
 * Level 2.6 Spellcasting
 * Level 2.5 Transmutations


You had 4 spell levels left.
You knew the following spells:

 Your Spells              Type           Power        Failure   Level  Hunger
a - Beastly Appendage     Tmut           #.....       8%          1    #......
s - Sticks to Snakes      Tmut           #.......     12%         2    ###....

Your spell library contained the following spells:

 Spells                   Type           Power        Failure   Level  Hunger
 Spider Form              Tmut/Pois      #.........   36%         3    ###....
 Ice Form                 Ice/Tmut       #.......     78%         4    #####..
 Blade Hands              Tmut           #.........   91%         5    ######.


Dungeon Overview and Level Annotations

Branches:
Dungeon (2/15)

Altars:


Innate Abilities, Weirdness & Mutations

((Your plain brown scales are hard. (AC +5)))
You cannot fit into any form of body armour.
((You are cold-blooded and may be slowed by cold attacks.))


Message History

You closely miss the adder.
You feel sick. The adder bites you.
* * * LOW HITPOINT WARNING * * *
The adder bites you but does no damage. The kobold hits you but does no damage.
You take 3 damage, and have 8/42 hp.
You barely miss the adder. The adder completely misses you.
The kobold hits you with a +0 whip.
* * * LOW HITPOINT WARNING * * *
You take 4 damage, and have 4/42 hp.
You barely miss the adder.
* * * LOW HITPOINT WARNING * * *
You feel sick. The adder bites you but does no damage.
You take 1 damage, and have 3/42 hp.
You hit the adder. The kobold barely misses you. The adder bites you.
* * * LOW HITPOINT WARNING * * *
You take 1 damage, and have 2/42 hp.
You closely miss the adder.
* * * LOW HITPOINT WARNING * * *
You feel sick. The adder bites you but does no damage.
The kobold hits you with a +0 whip.
You die...

.. ..# #...
..# #....
..# #.#.##.#
#...#.. .#
##...g# .
##...#S# #
.#....K♣##.#
#....S...(.#
#.##.##.####
.. #.......#
#.##
###...###
#..# #...#
.#..# #...#
.#..# #...#
....###
#...#


You could see an adder, a goblin, a kobold and a friendly adder.

Levels and vault maps discovered:
D:1:      giann_wishing_wells, layout_loops_ring, minmay_tetromino_s4
D:2:      layout_loops_cross, minmay_circle_x

Notes
Turn   | Place    | Note
-------+----------+-------------------------------------------
     0 | D:1      | lepoulpe303 the Draconian Transmuter began the quest for
                  | the Orb.
     0 | D:1      | Reached XP level 1. HP: 16/16 MP: 3/3
   126 | D:1      | Identified a +0 club
   133 | D:1      | Reached XP level 2. HP: 15/23 MP: 3/5
   264 | D:1      | Learned a level 2 spell: Sticks to Snakes
   396 | D:1      | Identified a +0 club
   402 | D:1      | Identified a +0 short sword
   425 | D:1      | Identified a +0 club
   445 | D:1      | Identified a +0 club
   528 | D:1      | Identified a +0 short sword
   547 | D:1      | Reached skill level 2 in Dodging
   547 | D:1      | Reached XP level 3. HP: 14/28 MP: 4/6
   800 | D:1      | Identified a cursed -1 club
   800 | D:1      | Identified a +0 dagger
  1091 | D:2      | Identified a +0 club
  1134 | D:2      | Identified a +0 whip
  1141 | D:2      | HP: 7/28 [adder (1)]
  1142 | D:2      | Identified a potion of lignification
  1146 | D:2      | HP: 3/42 [poisoned by an adder]
  1148 | D:2      | HP: 1/42 [poisoned by an adder]
  1148 | D:2      | Slain by a kobold

Table legend:
 A = Turns spent in this place as a percentage of turns spent in the entire game.
 B = Non-inter-level travel turns spent in this place as a percentage of non-inter-level travel turns spent in the entire game.
 C = Inter-level travel turns spent in this place as a percentage of turns spent in this place.
 D = Turns resting spent in this place as a percentage of non-inter-level travel turns spent in this place.
 E = Turns spent auto-exploring this place as a percentage of non-inter-level travel turns spent in this place.
 F = Non-inter-level travel turns spent in this place divided by the number of levels of this place that you've seen.
                   A       B       C       D       E      F
               +-------+-------+-------+-------+-------+----------------------
         Total | 100.0 | 100.0 |   2.4 |  30.2 |  45.3 | 560.5
       Dungeon | 100.0 | 100.0 |   2.4 |  30.2 |  45.3 | 560.5
               +-------+-------+-------+-------+-------+----------------------

Table legend:
 A = Kills in this place as a percentage of kills in entire the game.
 B = Kills by you in this place as a percentage of kills by you in the entire game.
 C = Kills by friends in this place as a percentage of kills by friends in the entire game.
 D = Other kills in this place as a percentage of other kills in the entire game.
 E = Experience gained in this place as a percentage of experience gained in the entire game.
 F = Experience gained in this place divided by the number of levels of this place that you have seen.
                   A       B       C       D       E      F
               +-------+-------+-------+-------+-------+----------------------
         Total | 100.0 | 100.0 |   N/A |   N/A | 100.0 |  29.0
       Dungeon | 100.0 | 100.0 |   N/A |   N/A | 100.0 |  29.0
               +-------+-------+-------+-------+-------+----------------------

Skill      XL: |  1  2 |
---------------+-------+-----
Dodging        | 2 |  2.0
Fighting       | |  1.5
Unarmed Combat | |  3.2
Spellcasting   | |  2.6
Transmutations | |  2.5

Action                   || total
-------------------------++-------
Melee: Unarmed           ||   118
       Tailslap          ||     8
       Headbutt          ||     3
       Kick              ||     2
       Punch             ||     3
 Cast: Beastly Appendage ||    13
       Sticks to Snakes  ||     1
  Use: Potion            ||     1
  Eat: Chunk             ||     1
Armor: Skin              ||    38
Dodge: Dodged            ||    77

Vanquished Creatures
  3 dart slugs (D:1)
  A leopard gecko (D:1)
  3 giant cockroaches (D:1)
  9 hobgoblins
  4 bats
  2 frilled lizards
  2 goblins (D:1)
  4 kobolds
  4 rats (D:1)
32 creatures vanquished.
